 Dungeon Crawl Stone Soup version 0.17.1-1-g73c8601 (webtiles) character file.

107 Kilroy512 the Changer (level 4, 0/38 HPs)
             Began as a Naga Transmuter on Jan 4, 2016.
             Splashed by a jelly's acid (1 damage)
             ... on level 4 of the Dungeon.
             The game lasted 00:32:28 (3947 turns).

Kilroy512 the Changer (Naga Transmuter)             Turns: 3947, Time: 00:32:29

Health: 0/38       AC: -2    Str: 12    XL:     4   Next: 85%
Magic:  4/7        EV: 19    Int: 14    God:
Gold:   209        SH:  0    Dex: 17    Spells: 2 memorised, 3 levels left

rFire  . . .     SeeInvis +       - Unarmed
rCold  . . .     Clarity  .     (armour currently unavailable)
rNeg   . . .     SustAt   .     (shield currently unavailable)
rPois  x         Gourm    .     (helmet currently unavailable)
rElec  .         Spirit   .     (cloak currently unavailable)
rCorr  .         Warding  .     (gloves currently unavailable)
rMut   .         Stasis   .     (no barding)
MR     .....                    (no amulet)
Stlth  ++........               (no ring)
                                (no ring)

@: spider-form, corroded equipment, not resistant to hostile enchantments,
unstealthy
A: see invisible, (deformed body), (poison resistance), (slowness 0), slow
metabolism 1, spit poison 2, AC +1
a: Spit Poison, End Transformation


You were on level 4 of the Dungeon.
You were not hungry.
You were a venomous arachnid creature.
You visited 1 branch of the dungeon, and saw 4 of its levels.

You collected 209 gold pieces.

Inventory:

Hand Weapons
 e - a +0 hunting sling of evasion
Missiles
 g - 96 stones (quivered)
 l - 6 needles of frenzy
 m - 22 poisoned needles
 C - 22 poisoned sling bullets
 G - 46 sling bullets
 P - 4 large rocks
Armour
 a - a +0 ring mail
 b - a +0 robe (melded)
 q - a +0 large shield
 r - a +0 robe
 w - a +0 ring mail
 A - a +0 ring mail
 K - a +0 leather armour
 Z - a +0 ring mail
Jewellery
 o - an uncursed amulet of faith {unknown}
Scrolls
 h - a scroll of fear {unknown}
 i - 7 scrolls of identify {unknown}
 j - a scroll of remove curse {unknown}
 s - a scroll of enchant armour {unknown}
 v - 2 scrolls of immolation {unknown}
 y - 2 scrolls of teleportation {unknown}
 M - a scroll of magic mapping {unknown}
 N - 2 scrolls of fog {unknown}
 S - 2 scrolls of enchant weapon {unknown}
 U - a scroll of noise {unknown}
Potions
 k - a potion of poison {unknown}
 n - a potion of curing {unknown}
 t - a potion of invisibility {unknown}
 z - a potion of haste {unknown}
 L - a potion of heal wounds {unknown}
Books
 c - a book of Changes

   Spells                             Type                      Level
   a - Beastly Appendage              Transmutation                1
   b - Sticks to Snakes               Transmutation                2
   c - Spider Form                    Transmutation/Poison         3
   d - Ice Form                       Ice/Transmutation            4
   e - Blade Hands                    Transmutation                5
Comestibles
 d - 2 bread rations
 f - a chunk of flesh
 O - a meat ration


   Skills:
 - Level 1.0 Fighting
 - Level 1.5 Dodging
 - Level 3.0 Unarmed Combat
 - Level 2.0 Spellcasting
 * Level 4.8 Transmutations
 - Level 0.6 Poison Magic


You had 3 spell levels left.
You knew the following spells:

 Your Spells              Type           Power        Failure   Level  Hunger
a - Beastly Appendage     Trmt           ##....       12%         1    ##.....
b - Spider Form           Trmt/Pois      #.........   45%         3    ####...


Dungeon Overview and Level Annotations

Branches:
Dungeon (4/15)
 Temple: D:4-7

Altars:
Ashenzari
Fedhas
Gozag
Kikubaaqudgha
Qazlal
Sif Muna
Trog


Innate Abilities, Weirdness & Mutations

You cannot wear boots.
((Your serpentine skin is tough (AC +1).))
You have supernaturally acute eyesight.
((Armour fits poorly on your strangely shaped body.))
((Your system is resistant to poisons.))
((You cover ground very slowly.))
You have a slow metabolism.
You can spit poison.


Message History

You now have 209 gold pieces (gained 10).
Found a scroll labeled YQIMOMPORHO.
Found a blossoming altar of Fedhas.
A jelly comes into view.
Found an ancient bone altar of Kikubaaqudgha.
The jelly quivers.
The jelly hits you.
You are splashed with acid!
The acid burns!
Found a scroll labeled VAPRIH SUEHIA.
You hit the jelly. The acid corrodes you!
Your hands burn!
The jelly is lightly wounded.
The jelly hits you.
* * * LOW HITPOINT WARNING * * *
You are splashed with acid!
The acid burns!
* * * LOW HITPOINT WARNING * * *
Okay, then.
Casting: Spider Form
Confirm with . or Enter, or press ? or * to list all spells.
You turn into a venomous arachnid creature.
Your +0 robe melds into your body.
The jelly misses you.
You bite the jelly!
Your front legs burn!
You die...

#### .PP#
._.# #.P.#
P.P# .
####.?P#...
#..........
##..s.......
#..#J.P#....
#.##..P# #
#.#?P.##
#.#P_P#
#.#...###
#.#####..
#....##.#
#....##.#


You could see a jelly.

Vanquished Creatures
  3 adders
  An ooze (D:1)
  3 worms
  4 giant geckos
  An orc (D:3)
  2 giant cockroaches
  7 goblins
  11 hobgoblins
  3 jackals (D:1)
  8 kobolds
  A quokka (D:2)
  A ball python (D:1)
  3 bats
  3 giant newts
  6 rats
57 creatures vanquished.

Notes
Turn   | Place    | Note
--------------------------------------------------------------
     0 | D:1      | Kilroy512 the Naga Transmuter began the quest for the Orb.
     0 | D:1      | Reached XP level 1. HP: 18/18 MP: 3/3
    71 | D:1      | Reached XP level 2. HP: 6/25 MP: 5/5
   829 | D:1      | Reached XP level 3. HP: 19/31 MP: 6/6
  1264 | D:2      | Found a bloodstained altar of Trog.
  2042 | D:2      | Learned a level 3 spell: Spider Form
  2100 | D:2      | Reached skill level 4 in Transmutations
  2465 | D:2      | Found an opulent altar of Gozag.
  2637 | D:3      | Reached XP level 4. HP: 30/38 MP: 7/7
  2767 | D:3      | Found a deep blue altar of Sif Muna.
  3289 | D:3      | Found a stormy altar of Qazlal.
  3586 | D:3      | Found a shattered altar of Ashenzari.
  3941 | D:4      | Found a blossoming altar of Fedhas.
  3943 | D:4      | Found an ancient bone altar of Kikubaaqudgha.
  3945 | D:4      | HP: 1/38 [acid (9)]
  3947 | D:4      | Splashed by a jelly's acid

Action                   |  1- 3 |  4- 6 || total
-------------------------+-------+-------++-------
Melee: Unarmed           |   162 |    72 ||   234
Throw: Stone             |     1 |       ||     1
 Cast: Spider Form       |     3 |     7 ||    10
 Abil: Spit Poison       |    21 |     6 ||    27
 Stab: Distracted        |       |     1 ||     1
  Eat: Chunk             |     3 |     2 ||     5
       Bread ration      |     1 |     1 ||     2
